 Dungeon Crawl Stone Soup version 0.20-a0-969-g5a5da1e (webtiles) character file.

548 Fang the Chopper (level 7, -7/44 HPs)
             Began as a Gargoyle Berserker on June 1, 2018.
             Was a Believer of Trog.
             Mangled by the bezotted Prince Ribbit (13 damage)
             ... on level 5 of the Dungeon.
             The game lasted 00:04:00 (4086 turns).

Fang the Chopper (Gargoyle Berserker)               Turns: 4086, Time: 00:04:01

Health: -7/44      AC:  8    Str: 23    XL:     7   Next: 28%
Magic:  7/7        EV: 13    Int:  7    God:    Trog [**....]
Gold:   287        SH:  0    Dex:  9    Spells: 6/6 levels left

rFire    + + .     SeeInvis .   a - +1 hand axe
rCold    + . .     Gourm    .   (no shield)
rNeg     + . .     Faith    +   p - +1 robe {rF+}
rPois    ∞         Spirit   .   (no helmet)
rElec    +         Reflect  .   u - scarf {rC+ rF+}
rCorr    .         Harm     .   (no gloves)
MR       +....                  (no boots)
Stlth    +.........             t - amulet of faith
Regen    0.2/turn               r - ring of protection from magic
MPRegen  0.1/turn               (no ring)

@: exhausted, slowed, very slow
A: negative energy resistance 1, electricity resistance, unbreathing,
petrification resistance, rot immunity, AC +4
a: Berserk, Trog's Hand, Burn Spellbooks, Renounce Religion


You were on level 5 of the Dungeon.
You worshipped Trog.
Trog was pleased with you.
You were near starving.

You visited 1 branch of the dungeon, and saw 5 of its levels.

You collected 287 gold pieces.

Inventory:

Hand Weapons
 a - a +1 hand axe (weapon)
Armour
 p - a +1 robe of fire resistance (worn)
 u - a scarf of resistance (worn)
Jewellery
 r - a ring of protection from magic (left hand)
 t - an amulet of faith (around neck)
Scrolls
 e - 8 scrolls of identify
 h - 4 scrolls of enchant armour
 i - a scroll of recharging
 j - a scroll of noise {unknown}
 k - a scroll of blinking
 l - a scroll of remove curse
 n - a scroll of teleportation
 o - a scroll of magic mapping {unknown}
 s - a scroll of enchant weapon
Potions
 b - a potion of lignification {unknown}
 f - a potion of might
 g - a potion of magic
 m - a potion of agility
 q - a potion of heal wounds {unknown}
 v - 2 potions of mutation {unknown}
Comestibles
 c - a bread ration
 d - a meat ration


   Skills:
 + Level 4.6 Fighting
 + Level 5.3 Axes
 + Level 2.4 Armour
 + Level 3.8 Dodging
 + Level 1.4 Stealth


You had 6 spell levels left.
You didn't know any spells.

Dungeon Overview and Level Annotations

Branches:
Dungeon (5/15)
 Temple: D:4-7

Altars:
Gozag
Qazlal
Ru
The Shining One

Annotations:
D:5 Prince Ribbit, bezotted Prince Ribbit


Innate Abilities, Weirdness & Mutations

You are resistant to torment.
Your stone body is resilient. (AC +4)
You are immune to poison.
You resist negative energy. (rN+)
You are resistant to electric shocks. (rElec)
You can survive without breathing.
You are immune to petrification.
You are immune to rotting.


Message History

You completely miss the ogre.
The ogre is heavily wounded.
You slice the ogre!!
You kill the ogre!
Trog accepts your kill.
You see here a giant club.
You start resting.
You feel a strong urge to attack something.
You start resting.
You feel your anger subside.
You start resting.
You are no longer berserk.
You are exhausted.
You feel yourself slow down.
You start resting.
The bezotted Prince Ribbit gives a loud, deep croak!
The bezotted Prince Ribbit hits you!!
* * * LOW HITPOINT WARNING * * *
The bezotted Prince Ribbit hits you!
You die...

#...........#
#.###.#.#
.#.##..#####.#
.##.# #.#.#
..............#
.##.# #.#.#
#.#.###..##.#.#
.##.# #.#.# #.#
##.##.#.# .##.#
#.#.# #.##.#.#
.##.# #.#.#
#.##.#.# .##.#
#.#.#
...#.#.###.##.#
#.#.#
........F@)..#.#
#.#.#
......#.###..#.#
#.#.# ####..#.#
..#.# #.#.# #.
#.# ..#.# #.#.#
## #.. ..#.#
#.#.# #.# #.#?#
#.#.# #.# .#.#
#.#.# .. .#.#
#.#.# #.# #.#.#


You could see bezotted Prince Ribbit.

Vanquished Creatures
  2 ogres
  A hound (D:4)
  A bullfrog skeleton (D:4)
  2 orc priests (D:4)
  An orc wizard (D:4)
  2 iguanas
  A worker ant (D:4)
  A hound skeleton (D:4)
  Robin (D:4)
  5 adders
  A howler monkey skeleton (D:4)
  4 worms
  A dart slug (D:5)
  6 leopard geckos
  4 orcs (D:4)
  2 giant cockroaches
  7 goblins
  8 hobgoblins
  2 quokkas (D:4)
  A ball python (D:4)
  8 bats
  2 frilled lizards
  6 kobolds
  2 rats
71 creatures vanquished.

Notes
Turn   | Place    | Note
-------+----------+-------------------------------------------
     0 | D:1      | Fang the Gargoyle Berserker began the quest for the Orb.
     0 | D:1      | Reached XP level 1. HP: 14/14 MP: 1/1
   172 | D:1      | Reached XP level 2. HP: 18/19 MP: 2/2
   628 | D:2      | Reached skill level 3 in Axes
   894 | D:2      | Found a sacrificial altar of Ru.
   914 | D:2      | Reached XP level 3. HP: 24/24 MP: 3/3
   959 | D:2      | Reached ** piety under Trog
  1276 | D:2      | Found an opulent altar of Gozag.
  1412 | D:2      | a bat gained the power of zot (level 1).
  1781 | D:3      | Found a stormy altar of Qazlal.
  1986 | D:3      | You fall through a shaft!
  2003 | D:4      | Reached XP level 4. HP: 26/29 MP: 4/4
  2157 | D:4      | Noticed an ogre
  2176 | D:4      | Killed an ogre
  2176 | D:4      | Reached XP level 5. HP: 15/33 MP: 5/5
  2593 | D:4      | Reached skill level 4 in Axes
  2593 | D:4      | Reached skill level 1 in Stealth
  2593 | D:4      | Reached XP level 6. HP: 24/38 MP: 6/6
  2878 | D:4      | Noticed Robin
  2893 | D:4      | Killed Robin
  3402 | D:4      | Found a glowing golden altar of the Shining One.
  3534 | D:4      | Reached XP level 7. HP: 23/44 MP: 7/7
  3580 | D:5      | Entered Level 5 of the Dungeon
  3736 | D:5      | Noticed Prince Ribbit
  3782 | D:5      | something gained the power of zot (level 1).
  3968 | D:5      | Reached skill level 5 in Axes
  4086 | D:5      | Mangled by the bezotted Prince Ribbit

Vault maps used:
D:1:      scummos_arrival_simple_crosswalls, st_stairs_12, minmay_hexomino_f4
D:2:      old_standard_altar, grunt_gozag_breadcrumbs, uniq_crazy_yiuf_cottage
D:3:      first_bread, grunt_qazlal_sundering
D:4:      nicolae_tso_swordbearing_angel, uniq_robin
D:5:      basic_altar, uniq_iyjb, uniq_prince_ribbit1

Skill      XL: |  1  2  3  4  5  6  7 |
---------------+----------------------+-----
Axes           | 3 4 5 |  5.3
Fighting       | 4 |  4.6
Dodging        | 2 3 |  3.8
Stealth        | 1 |  1.4
Armour         | |  2.4

Action                   |  1- 3 |  4- 6 |  7- 9 || total
-------------------------+-------+-------+-------++-------
Melee: Hand axe          |   147 |   135 |    30 ||   312
Invok: Berserk           |     1 |     3 |     2 ||     6
  Use: Scroll            |       |    11 |       ||    11
 Stab: Sleeping          |       |     1 |       ||     1
  Eat: Chunk             |     2 |     5 |       ||     7
       Meat ration       |     1 |       |       ||     1
       Royal jelly       |       |       |     1 ||     1
Armor: Animal skin       |    81 |    26 |       ||   107
       Robe              |       |     8 |     3 ||    11
Dodge: Dodged            |   132 |    97 |    18 ||   247
